 Dungeon Crawl Stone Soup version 0.19.5 (webtiles) character file.

219 Megalobster the Chopper (level 5, -10/48 HPs)
             Began as a Minotaur Berserker on Apr 15, 2017.
             Was a Believer of Trog.
             Mangled by an ogre
             ... wielding a +0 giant club
              (16 damage)
             ... on level 4 of the Dungeon.
             The game lasted 00:12:40 (3243 turns).

Megalobster the Chopper (Minotaur Berserker)        Turns: 3243, Time: 00:12:42

Health: -10/48     AC:  5    Str: 23    XL:     5   Next: 64%
Magic:  4/4        EV: 12    Int:  4    God:    Trog [**....]
Gold:   176        SH:  0    Dex:  9    Spells: 0 memorised, 4 levels left

rFire  x . .     SeeInvis .     a - +0 hand axe
rCold  + . .     Gourm    .     s - +0 ring mail
rNeg   . . .     Faith    .     (no shield)
rPois  .         Spirit   .     (helmet restricted)
rElec  .         Reflect  .     (no cloak)
rCorr  .         Harm     .     (no gloves)
MR     ++...                    (no boots)
Stlth  +.........               (no amulet)
                                (no ring)
                                m - ring of ice

@: regenerating
A: retaliatory headbutt, horns 2
a: Berserk, Trog's Hand, Burn Spellbooks, Renounce Religion


You were on level 4 of the Dungeon.
You worshipped Trog.
Trog was pleased with you.
You were hungry.

You visited 1 branch of the dungeon, and saw 4 of its levels.

You collected 176 gold pieces.

Inventory:

Hand Weapons
 a - a +0 hand axe (weapon)
 j - a cursed -2 mace
Missiles
 f - 41 sling bullets
 w - 62 stones (quivered)
 z - a throwing net
Armour
 b - a +0 animal skin
 n - a +2 helmet
 s - a +0 ring mail (worn)
Jewellery
 m - a ring of ice (left hand)
Scrolls
 d - 5 scrolls of teleportation
 i - 2 scrolls of recharging {unknown}
 k - 3 scrolls of identify {unknown}
 l - 2 scrolls of immolation {unknown}
 o - 2 scrolls of remove curse {unknown}
 q - a scroll of enchant armour {unknown}
 u - a scroll of magic mapping {unknown}
 v - a scroll of enchant weapon {unknown}
 y - a scroll of random uselessness {unknown}
Potions
 e - a potion of lignification {unknown}
 p - a potion of brilliance {unknown}
 r - a potion of degeneration {unknown}
 t - a potion of flight {unknown}
 x - a potion of heal wounds {unknown}
 A - a potion of curing {unknown}
Comestibles
 c - 2 bread rations
 g - a meat ration
 h - a slice of pizza


   Skills:
 + Level 5.0 Fighting
 * Level 5.2 Axes
 + Level 3.2 Armour
 + Level 3.4 Dodging
 - Level 1.5 Stealth


You had 4 spell levels left.
You didn't know any spells.

Dungeon Overview and Level Annotations

Branches:
Dungeon (4/15)
 Temple: D:4-7

Altars:
Qazlal
The Shining One


Innate Abilities, Weirdness & Mutations

You reflexively headbutt those who attack you in melee.
You have a pair of horns on your head.


Message History

You closely miss the hound. The hound barely misses you. The hound bites you.
The ogre barely misses you.
You hit the hound.
The hound is almost dead.
You barely miss the ogre. The hound closely misses you.
You hit the hound. Your headbutt misses the hound.
The hound is almost dead.
You hit the ogre but do no damage. The hound bites you.
The ogre hits you with a giant club!!
Ouch! That really hurt!
* * * LOW HITPOINT WARNING * * *
The hound barely misses you.
Okay, then.
Your skin crawls.
You feel resistant to hostile enchantments.
You are feeling hungry.
The hound bites you.
* * * LOW HITPOINT WARNING * * *
The ogre hits you with a giant club!
You die...

#.#... ##.###.
#############......
#####...........######.
#8...................##
#......................
#.....#########........
##..###.......####.....
#....@...)... ###...
#....Oh.!8(.. #...
###......($.. #...
####....... ##..
####### #.. #.. ###


You could see an ogre and a hound.

Vanquished Creatures
  A howler monkey (D:4)
  A hound skeleton (D:3)
  2 adders (D:3)
  7 gnolls (D:3)
  An ooze (D:1)
  6 worms
  A dart slug (D:2)
  3 leopard geckos
  A ball python (D:3)
  5 bats
  3 giant cockroaches
  8 goblins
  5 hobgoblins
  5 jackals (D:3)
  6 kobolds
  A quokka (D:2)
  2 frilled lizards
  4 rats
62 creatures vanquished.

Notes
Turn   | Place    | Note
-------+----------+-------------------------------------------
     0 | D:1      | Megalobster the Minotaur Berserker began the quest for the Orb.
     0 | D:1      | Reached XP level 1. HP: 19/19 MP: 0/0
   274 | D:1      | Reached XP level 2. HP: 27/27 MP: 1/1
  1061 | D:2      | Reached XP level 3. HP: 33/33 MP: 2/2
  1156 | D:2      | Found a glowing golden altar of the Shining One.
  1752 | D:2      | Reached ** piety under Trog
  2313 | D:3      | Reached skill level 1 in Stealth
  2448 | D:3      | Reached XP level 4. HP: 40/41 MP: 3/3
  2459 | D:3      | Found a stormy altar of Qazlal.
  2797 | D:3      | Reached XP level 5. HP: 41/47 MP: 4/4
  2949 | D:3      | Reached skill level 5 in Axes
  3183 | D:4      | Reached skill level 5 in Fighting
  3233 | D:4      | Noticed an ogre
  3243 | D:4      | Mangled by an ogre

Skill      XL: |  1  2  3  4  5 |
---------------+----------------+-----
Fighting       | 4 5 |  5.0
Axes           | 4 5 |  5.2
Stealth        | 1 |  1.5
Dodging        | 3 |  3.4
Armour         | 3 |  3.2

Action                   |  1- 3 |  4- 6 || total
-------------------------+-------+-------++-------
Melee: Hand axe          |    92 |    53 ||   145
       Headbutt          |    20 |    11 ||    31
Invok: Trog's Hand       |       |     3 ||     3
       Berserk           |       |     2 ||     2
  Use: Scroll            |       |     1 ||     1
 Stab: Sleeping          |     1 |       ||     1
       Distracted        |     1 |       ||     1
  Eat: Chunk             |     5 |     5 ||    10
Armor: Animal skin       |    13 |       ||    13
       Ring mail         |       |     6 ||     6
Dodge: Dodged            |    53 |    44 ||    97
